 Dungeon Crawl Stone Soup version 0.30-a0-187-gd9c2deaf24 (webtiles) character file.

Game seed: 9271617488373285071

202136 KennySheep the Unseen (level 17, -25/184 HPs)
             Began as a Vampire Earth Elementalist on Oct 3, 2022.
             Was the Champion of Ashenzari.
             Annihilated by a dire elephant (39 damage)
             ... on level 1 of the Vaults on Oct 4, 2022.
             The game lasted 02:35:02 (33334 turns).

KennySheep the Unseen (Vampire Earth Elementalist) Turns: 33334, Time: 02:35:03

Health: -25/184    AC: 31    Str:  7    XL:     17   Next: 93%
Magic:  12/35      EV: 22    Int: 18    God:    Ashenzari [******]
Gold:   2288       SH: 31    Dex: 28    Spells: 2/44 levels left

rFire   + . .      SeeInvis +    a - +6 rapier of Ashenzari's Chagrin {pain, rN+ Stlth+, Self, Fort} (curse)
rCold   + . .      Faith    .    B - +8 tower shield "Suspicion of Ashenzari" {rC+, Comp, Alch} (curse)
rNeg    + + .      Spirit   .    (body armour currently unavailable)
rPois   ∞          Reflect  .    P - +0 helmet "Share My Loss" {Bglg, Fort} (curse)
rElec   +          Harm     .    t - +0 cloak of Ashenzari's Sybil {Comp, Alch} (curse)
rCorr   .          Rampage  .    (gloves currently unavailable)
Will    ++...      Clarity  +    (boots currently unavailable)
Stlth   +++++++++.               z - amulet "Per Aspera Ad Scientiam" {Acrobat, Cun, Comp} (curse)
HPRegen 0.70/turn                H - ring of Ashenzari's Insecurity {Will+ Dex+6, Evo, Self} (curse)
MPRegen 0.24/turn                o - ring of the Fated Loss {rF+, Self, Range} (curse)

@: statue-form, death channelling, frozen, healing quickly, studying Necromancy,
very slow
A: slow and powerful, torment resistance 1, boosted hp, alive, fangs 3, see
invisible, vampiric 2
}: 1/15 runes: barnacled
a: Exsanguinate, End Transformation, Renounce Religion, Shatter the Chains


You were on level 1 of the Vaults.
You worshipped Ashenzari.
Ashenzari was exalted by your worship.
You were a living statue of rough stone.
You visited 7 branches of the dungeon, and saw 29 of its levels.
You also visited: Sewer, Ossuary and Ice Cave.

You collected 3837 gold pieces.
You spent 1549 gold pieces at shops.

Inventory:

Hand Weapons
 a - the cursed +6 rapier of Ashenzari's Chagrin (weapon) {pain, rN+ Stlth+, Self, Fort}
   (You bought it in a shop on level 7 of the Dungeon)

   In the hands of one skilled in necromantic magic, it inflicts extra damage on
   living creatures.
   rN:        It protects you from negative energy.
   Stlth:     It makes you more stealthy.
   It has a curse which improves the following skills: Introspection: Fighting
   and Spellcasting.
   Fortitude: Armour and Shields.
 K - a +0 great sword
Missiles
 d - 4 throwing nets
Armour
 r - the cursed +0 pair of boots "Unveiling Fetters" (melded) {Elem, Fort}
   (You found it in a sewer)

   It has a curse which improves the following skills: Elements: Fire Magic, Ice
   Magic, Air Magic and Earth Magic.
   Fortitude: Armour and Shields.
 t - the cursed +0 cloak of Ashenzari's Sybil (worn) {Comp, Alch}
   (You found it on level 3 of the Dungeon)

   It has a curse which improves the following skills: Companions: Summonings
   and Necromancy.
   Alchemy:   Poison Magic and Transmutations.
 y - the cursed +3 leather armour of Ouranomancy (melded) {*Slow MP+9 Int+5, Melee, Alch}
   (You bought it in a shop on level 5 of the Dungeon)

   Int:       It affects your intelligence (+5).
   MP:        It affects your magic capacity (+9).
   *Slow:     It may slow you when you take damage.
   It has a curse which improves the following skills: Melee Combat: Short
   Blades, Long Blades, Axes, Maces & Flails, Polearms, Staves and Unarmed
   Combat.
   Alchemy:   Poison Magic and Transmutations.
 B - the cursed +8 tower shield "Suspicion of Ashenzari" (worn) {rC+, Comp, Alch}
   (You found it in an ice cave)

   It has a curse which improves the following skills: Companions: Summonings
   and Necromancy.
   Alchemy:   Poison Magic and Transmutations.
 J - the cursed +0 pair of gloves "Ruined Insecurity" (melded) {Bglg, Cun}
   (You found it on level 8 of the Dungeon)

   It has a curse which improves the following skills: Beguiling: Conjurations,
   Hexes and Translocations.
   Cunning:   Dodging and Stealth.
 P - the cursed +0 helmet "Share My Loss" (worn) {Bglg, Fort}
   (You found it on level 10 of the Dungeon)

   It has a curse which improves the following skills: Beguiling: Conjurations,
   Hexes and Translocations.
   Fortitude: Armour and Shields.
Jewellery
 o - the cursed ring of the Fated Loss (right fist) {rF+, Self, Range}
   (You found it on level 2 of the Dungeon)

   [ring of protection from fire]

   rF:        It protects you from fire.
   It has a curse which improves the following skills: Introspection: Fighting
   and Spellcasting.
   Ranged Combat: Ranged Weapons and Throwing.
 z - the cursed amulet "Per Aspera Ad Scientiam" (around neck) {Acrobat, Cun, Comp}
   (You found it on level 5 of the Dungeon)

   [amulet of the acrobat]

   It increases your evasion while moving and waiting.
   It has a curse which improves the following skills: Cunning: Dodging and
   Stealth.
   Companions: Summonings and Necromancy.
 A - a ring of flight
 H - the cursed ring of Ashenzari's Insecurity (left fist) {Will+ Dex+6, Evo, Self}
   (You bought it in a shop on level 2 of the Dungeon)

   [ring of dexterity]

   Dex:       It affects your dexterity (+6).
   Will:      It increases your willpower.
   It has a curse which improves the following skills: Evocations: Evocations.
   Introspection: Fighting and Spellcasting.
 M - an amulet of magic regeneration
 S - an amulet of guardian spirit
 T - a ring of fire
 W - a ring of protection from fire
 X - the amulet of the Greedy {Reflect rN++ SH+5}
   (You found it on level 1 of the Depths)

   [amulet of reflection]

   It reflects blocked missile attacks.
   rN:        It greatly protects you from negative energy.
   SH:        It affects your SH (+5).
Wands
 l - a wand of mindburst (16)
 G - a wand of light (8)
 I - a wand of iceblast (20)
 L - a wand of charming (23)
 N - a wand of digging (5)
 O - a wand of flame (41)
 Q - a wand of polymorph (7)
Scrolls
 c - 2 scrolls of torment
 i - 2 scrolls of enchant armour
 n - 4 scrolls of enchant weapon
 p - 10 scrolls of butterflies
 u - 7 scrolls of poison
 v - 5 scrolls of teleportation
 x - 2 scrolls of amnesia
 C - a scroll of magic mapping
 F - a scroll of silence
 R - a scroll of blinking
 U - a scroll of brand weapon
Potions
 b - 4 potions of magic
 e - 16 potions of curing
 f - a potion of cancellation
 g - a potion of berserk rage
 j - a potion of flight
 k - 4 potions of might
 m - 3 potions of heal wounds
 q - 6 potions of brilliance
 s - 6 potions of haste
 w - 4 potions of resistance
 D - 4 potions of ambrosia
 E - 5 potions of attraction
Miscellaneous
 h - a phantom mirror


   Skills:
 + Level 9.9(15.0) Fighting
 - Level 11.6(12.3) Short Blades
 + Level 5.7(9.0) Long Blades
 + Level 8.8(11.5) Dodging
 * Level 15.6(18.1) Stealth
 * Level 11.1(15.0) Shields
 - Level 9.0(14.1) Spellcasting
 + Level 8.2(10.9) Hexes
 - Level 10.4(15.5) Necromancy
 - Level 15.2(19.1) Transmutations
 - Level 15.2 Earth Magic


You had 2 spell levels left.
You knew the following spells:

 Your Spells              Type           Power      Damage    Failure   Level
a - Death Channel         Necr           31%        N/A       4%          6
b - Enfeeble              Hex            25%        N/A       88%         7
c - Petrify               Tmut/Erth      65%        N/A       1%          4
d - Statue Form           Tmut/Erth      43%        N/A       2%          6
e - Lee's Rapid Deconstr  Erth           30%        3d17*     1%          5
f - Sublimation of Blood  Necr           62%        N/A       1%          2
g - Borgnjor's Vile Clut  Necr/Erth      31%        N/A       1%          5
h - Yara's Violent Unrav  Hex/Tmut       30%        3d13      1%          5
z - Passwall              Tmut/Erth      54%        N/A       1%          2

Your spell library contained the following spells:

 Spells                   Type           Power      Damage    Failure   Level
 Beastly Appendage        Tmut           100%       N/A       0%          1
 Wereblood                Tmut           69%        N/A       0%          2
 Sandblast                Erth           100%       2d20      1%          1
 Ensorcelled Hibernation  Hex/Ice        64%        N/A       3%          2
 Magic Dart               Conj           52%        1d5       17%         1
 Searing Ray              Conj           26%        2d5       26%         2
 Spider Form              Tmut/Pois      48%        N/A       1%          3
 Anguish                  Hex/Necr       28%        N/A       1%          4
 Animate Dead             Necr           62%        N/A       1%          4
 Leda's Liquefaction      Hex/Erth       28%        N/A       1%          4
 Agony                    Necr           62%        N/A       1%          5
 Stone Arrow              Conj/Erth      80%        3d12      2%          3
 Cause Fear               Hex            25%        N/A       2%          4
 Ice Form                 Ice/Tmut       47%        N/A       3%          4
 Dazzling Flash           Conj/Hex       66%        N/A       5%          3
 Portal Projectile        Hex/Tloc       66%        N/A       5%          3
 Dragon Form              Tmut           34%        N/A       6%          7
 Alistair's Intoxication  Tmut/Pois      32%        N/A       10%         5
 Fulminant Prism          Conj/Hex       16%        3d11      19%         4
 Call Canine Familiar     Summ           15%        N/A       38%         3
 Eringya's Noxious Bog    Tmut/Pois      24%        N/A       45%         6
 Frozen Ramparts          Ice            24%        1d4       50%         3
 Kindle Blastsparks       Fire/Tloc/Air  26%        2d12      50%         3
 Ozocubu's Armour         Ice            12%        N/A       50%         3
 Swiftness                Air            12%        N/A       50%         3
 Metabolic Englaciation   Hex/Ice        16%        N/A       50%         5
 Silence                  Hex/Air        16%        N/A       50%         5
 Simulacrum               Ice/Necr       20%        N/A       77%         6
 Olgreb's Toxic Radiance  Pois           14%        N/A       83%         4
 Iskenderun's Mystic Bla  Conj/Tloc      13%        2d5       86%         4
 Summon Ice Beast         Ice/Summ       14%        N/A       86%         4
 Starburst                Conj/Fire      6%         6d4       100%        6
 Monstrous Menagerie      Summ           7%         N/A       100%        7
 Summon Hydra             Summ           7%         N/A       100%        7
 Dragon's Call            Summ           7%         N/A       100%        9


Dungeon Overview and Level Annotations

Branches:
Dungeon (15/15)            Temple (0/1) D:6            Lair (5/5) D:11
 Shoals (4/4) Lair:3        Snake (1/4) Lair:2        Slime (0/5) Lair:5
    Orc (2/2) D:11            Elf (0/3) Orc:2        Vaults (1/5) D:14
 Depths (1/4) D:15          Sewer (visited)         Ossuary (visited)
  IceCv (visited)

Altars:
Ashenzari
Fedhas
Kikubaaqudgha
Makhleb
Nemelex Xobeh
Okawaru
Sif Muna
Xom

Shops:
D:2 =   D:3 =   D:5 [   D:7 (((   Orc:2 [=[[   Shoals:1 *

Portals:
Abyss: Lair:4
Ziggurat: Depths:1

Annotations:
D:7 1 runed translucent door
D:8 1 runed translucent door, Valamore's ghost, novice MeFi
Lair:4 2 transporters, Xutikh's ghost, journeyman SpCA
Shoals:3 Cihivoiw's ghost, adept TeCj; Icul's ghost, journeyman DsFi
Snake:1 3 runed translucent doors, Cifurakhle's ghost, adept MiBe; Kecoros's ghost, adept OpVM; Maeg's ghost, adept TrMo; Sopaerr's ghost, journeyman MiBe
Depths:1 2 transporters, exclusion: 2 ice statues, Halef's ghost, adept SpAK; Wetizan's ghost, journeyman MiBe


Innate Abilities, Weirdness & Mutations

You are a living statue of rough stone.
Your actions are slow, but your melee attacks are powerful.
You are resistant to unholy torment.
Your maximum health is greatly increased.
You are immune to poison.
Your equipment is partially melded.
Your natural rate of healing is accelerated.
You have razor-sharp teeth.
You have supernaturally acute eyesight. (SInv)
You are afflicted with vampirism and can become a bat while bloodless.


Message History

The vault warden hits your spectral lindwurm with a +0 battleaxe!
The ironbound frostheart calls freezing cold from the walls.
The frost grips you. You partially resist.
* * * LOW HITPOINT WARNING * * *
You are encased in ice.
You feel much better.
Your spectral lindwurm bites the dire elephant.
Your spectral lindwurm barely misses the dire elephant.
Your spectral lindwurm claws the dire elephant but does no damage.
You block the ironbound frostheart's attack.
You block the lindwurm's attack. The lindwurm misses you. x2
The ironbound thunderhulk hits you with a +0 dire flail!!
* * * LOW HITPOINT WARNING * * *
You block the vault warden's attack.
The vault warden hits your spectral lindwurm with a +0 battleaxe!!
Your spectral lindwurm is destroyed!
You block the dire elephant's attack. The dire elephant closely misses you.
Your spectral ironbound preserver barely misses the lindwurm.
You hit the ironbound thunderhulk.
The ironbound thunderhulk writhes in agony!
You kill the ironbound thunderhulk!
A glowing mist starts to gather...
The lindwurm no longer looks unusually strong.
You block the lindwurm's attack. x3
The ironbound frostheart calls freezing cold from the walls.
The frost grips you!! You partially resist.
* * * LOW HITPOINT WARNING * * *
You block the dire elephant's attack. The dire elephant barely misses you.
The vault warden hits you with a +0 battleaxe!
* * * LOW HITPOINT WARNING * * *
Your spectral ironbound preserver closely misses the ironbound thunderhulk.
The boulder beetle leaps!
The ironbound frostheart barely misses you.
The lindwurm bites you but does no damage.
The lindwurm claws you but does no damage. x2
The vault warden hits you with a +0 battleaxe!
* * * LOW HITPOINT WARNING * * *
You block the lindwurm's attack. The lindwurm barely misses you. x2
The dire elephant tramples you!!!
You die...

####### #########......
#.......#...... ######*
#.......#......
*#.....#*
#.......'...... *
.......###.......'......
........##.......#......
*,
...>Z.pkp○......(#######
.....OY8##.......# ****
* ....Z.k###.......# ,
,,, , *#.....# #.......#
, , , ######* #.......#
* * * ######### , ,,,
,,* ,, , ,,,* * * * * ,,
, , #############


You could see a dire elephant (strong), a vault warden, an ironbound
thunderhulk, an ironbound frostheart, 2 lindwurms, a friendly spectral ironbound
preserver and a friendly spectral ironbound thunderhulk.

Vanquished Creatures
  A kraken (Shoals:4)
  A sphinx (Vaults:1)
  2 frost giants
  An orc warlord (D:12)
  5 ironbound preservers (Vaults:1)
  2 ironbound thunderhulks (Vaults:1)
  2 very ugly things (Depths:1)
  A stone giant (D:15)
  A vampire knight (D:15)
  2 merfolk javelineers (Shoals:4)
  3 fire dragons
  6 merfolk impalers
  An entropy weaver (Vaults:1)
  Erolcha (D:9)
  A great orb of eyes (Vaults:1)
  Harold (Lair:1)
  9 centaur warriors
  2 ice dragons
  A spriggan air mage (Depths:1)
  Erica (Lair:2)
  4 ogre magi
  8 hydras
  7 anacondas
  5 merfolk avatars
  A death yak (Vaults:1)
  3 satyrs (Shoals:4)
  13 two-headed ogres
  An alligator snapping turtle (Shoals:1)
  2 catoblepae (Lair:5)
  4 merfolk aquamancers (Shoals:4)
  3 boulder beetles
  An alligator (Snake:1)
  3 naga warriors (Snake:1)
  2 death knights
  A deep troll earth mage (D:15)
  2 tengu warriors
  5 orc high priests (Orc:2)
  2 naga sharpshooters (Snake:1)
  Sonja (Lair:2)
  2 shock serpents (Snake:1)
  A skeletal warrior (D:14)
  Nergalle (Lair:2)
  2 iron trolls (D:15)
  Amaemon (D:9)
  A goliath frog (Snake:1)
  9 deep trolls
  19 sea snakes
  A naga ritualist (Lair:2)
  A phantasmal warrior (D:14)
  4 lindwurms (Vaults:1)
  A wolf spider (D:15)
  2 wizards
  38 harpies
  2 bog bodies (IceCv)
  An ironbound convoker (Vaults:1)
  Pikel (D:9)
  A deep elf pyromancer (D:12)
  A necromancer (Vaults:1)
  2 orc knights
  18 ugly things
  7 orc sorcerers
  A tengu skeleton (Vaults:1)
  15 manticores
  4 cyclopes
  6 fauns
  2 salamanders (Snake:1)
  15 elephants
  17 black mambas
  A human skeleton (Vaults:1)
  2 naga magi (Snake:1)
  7 merfolk sirens
  Maurice (D:9)
  5 cane toads
  3 guardian serpents (Snake:1)
  An ice statue (IceCv)
  A torpor snail (Lair:5)
  5 water nymphs
  3 centaur skeletons (D:14)
  3 unseen horrors
  2 gargoyles
  4 freezing wraiths (D:14)
  An orange demon (D:9)
  A kobold demonologist (D:12)
  4 rime drakes
  2 tengu conjurers
  5 komodo dragons
  An ice devil (Depths:1)
  3 efreet
  4 guardian mummies (D:15)
  17 merfolk
  11 trolls
  2 polar bears (Vaults:1)
  5 wind drakes
  A hornet (D:10)
  8 slime creatures
  Grinder (D:4)
  18 blink frogs
  15 dream sheep
  4 snapping turtles
  A spriggan (shapeshifter) (D:12)
  An elf simulacrum (Vaults:1)
  7 wyverns
  2 water elementals
  2 shadows (D:12)
  2 vampires
  A hog (shapeshifter) (D:15)
  A human (shapeshifter) (D:15)
  38 yaks
  Eustachio (D:5)
  3 basilisks
  A redback (Vaults:1)
  8 wargs
  2 steam dragons
  A harpy simulacrum (IceCv)
  9 vampire mosquitoes (D:12)
  2 death yak simulacra (IceCv)
  Menkaure (D:6)
  5 nagas
  3 acid dragons
  20 orc warriors
  An ice beast (D:7)
  10 water moccasins
  A deep troll simulacrum (Vaults:1)
  17 ogres
  2 sky beasts
  2 black bears
  4 wolves (Lair:5)
  29 centaurs
  A lemure (D:9)
  A phantom (D:5)
  2 kobold brigands (D:7)
  5 bullfrogs
  2 necrophages (D:7)
  4 two-headed ogre simulacra (IceCv)
  4 cane toad simulacra (IceCv)
  13 wights
  An elephant simulacrum (IceCv)
  9 killer bees (D:9)
  3 howler monkeys (D:11)
  6 electric eels
  A crimson imp (D:8)
  25 orc priests
  4 hounds
  2 jellies
  4 gnoll boudas
  2 iguanas (D:4)
  29 orc wizards
  5 polar bear simulacra (IceCv)
  4 spriggan simulacra (IceCv)
  Natasha (thrice) (D:4)
  3 troll simulacra (IceCv)
  A boggart skeleton (D:14)
  4 wolf simulacra (IceCv)
  17 mummies
  13 gnolls
  4 river rats (Sewer)
  15 adders
  10 naga simulacra (IceCv)
  20 white imps
  4 ufetubi
  A worm (D:4)
  4 dart slugs
  36 orcs
  9 ball pythons
  8 bats
  11 endoplasms
  8 giant cockroaches
  8 goblins
  5 hobgoblins
  13 jackals
  7 quokkas
  4 frilled lizards
  2 gnoll skeletons (Ossuary)
  4 goblin skeletons (Ossuary)
  20 kobolds
  2 kobold skeletons (Ossuary)
  4 rats
  11 rat skeletons (Ossuary)
984 creatures vanquished.

Vanquished Creatures (others)
  A centaur (D:11)
  2 orc priests (Orc:1)
  20 fungi
  84 plants
  4 tentacles (Shoals:4)
  5 withered plants
116 creatures vanquished.

Grand Total: 1100 creatures vanquished

Notes
Turn   | Place    | Note
-------+----------+-------------------------------------------
     0 | D:1      | KennySheep the Vampire Earth Elementalist began the quest
                  | for the Orb.
     0 | D:1      | Reached XP level 1. HP: 13/13 MP: 3/3
   277 | D:1      | Reached XP level 2. HP: 19/19 MP: 0/5
   286 | D:1      | Learned a level 2 spell: Passwall
   571 | D:1      | Reached skill level 1 in Short Blades
   854 | D:2      | Gained mutation: You are afflicted with vampirism and can
                  | become a bat while bloodless. [Vampire growth]
   854 | D:2      | Reached XP level 3. HP: 24/24 MP: 6/6
  1295 | D:2      | Found a faded altar of an unknown god.
  1307 | D:2      | Prayed at the altar of an unknown god.
  1307 | D:2      | Became a worshipper of Ashenzari the Shackled
  1400 | D:2      | Found Meaggoc's Jewellery Shop.
  1712 | D:3      | Found a glowing drain.
  1727 | D:3      | Reached XP level 4. HP: 31/31 MP: 1/7
  1754 | Sewer    | Entered a sewer
  2015 | Sewer    | Reached skill level 1 in Fighting
  2049 | Sewer    | Reached XP level 5. HP: 37/37 MP: 9/9
  2056 | Sewer    | Learned a level 4 spell: Petrify
  2644 | D:3      | Found an iron altar of Okawaru.
  2688 | D:3      | Reached * piety under Ashenzari
  2692 | D:3      | Found Ulaiveo's Jewellery Boutique.
  3370 | D:4      | Noticed Natasha
  3375 | D:4      | Killed Natasha
  3575 | D:4      | Reached ** piety under Ashenzari
  3588 | D:4      | Reached XP level 6. HP: 30/44 MP: 7/11
  3653 | D:4      | Noticed Natasha
  3663 | D:4      | Killed Natasha
  3733 | D:4      | Noticed Grinder
  3741 | D:4      | Paralysed by Grinder for 3 turns
  3748 | D:4      | Killed Grinder
  3749 | D:4      | Reached XP level 7. HP: 22/49 MP: 7/13
  3883 | D:4      | Reached skill level 5 in Earth Magic
  4070 | D:4      | Learned a level 6 spell: Statue Form
  4282 | D:5      | Entered Level 5 of the Dungeon
  4282 | D:5      | Found Diukh's Antique Armour Emporium.
  4292 | D:5      | Bought a polished leather armour for 210 gold pieces
  4292 | D:5      | Identified the +3 leather armour of Karisuyrcha {*Slow MP+9
                  | Int+5} (You bought it in a shop on level 5 of the Dungeon)
  4337 | D:5      | Reached skill level 5 in Transmutations
  4422 | D:5      | Found a blossoming altar of Fedhas.
  4614 | D:5      | Noticed Eustachio
  4621 | D:5      | Killed Eustachio
  4743 | D:5      | Reached XP level 8. HP: 55/55 MP: 13/13
  5224 | D:5      | Found a shimmering blue altar of Sif Muna.
  5363 | D:6      | Found a sand-covered staircase.
  5391 | Ossuary  | Entered an ossuary
  6066 | D:6      | Found a staircase to the Ecumenical Temple.
  6070 | D:6      | Identified the ring of Linearity {+Blink Fly rN++ Stlth-}
  6120 | D:6      | Reached *** piety under Ashenzari
  6161 | D:6      | Noticed Menkaure
  6168 | D:6      | Killed Menkaure
  6563 | D:7      | Reached XP level 9. HP: 57/64 MP: 15/15
  6715 | D:7      | Found a runed translucent door.
  6717 | D:7      | Noticed a sixfirhy
  6930 | D:7      | Found an ancient bone altar of Kikubaaqudgha.
  6930 | D:7      | Found a sparkling altar of Nemelex Xobeh.
  7001 | D:7      | Found Pageoj's Antique Weapon Shop.
  7032 | D:7      | Found Cus Giegh's Antique Weapon Shoppe.
  7046 | D:7      | Bought a brightly glowing rapier for 198 gold pieces
  7046 | D:7      | Identified the +6 rapier of Fedhas's Vengeance {pain, rN+
                  | Stlth+} (You bought it in a shop on level 7 of the Dungeon)
  7490 | D:7      | Found Exuqot's Antique Weapon Boutique.
  8286 | D:8      | Reached skill level 5 in Stealth
  8593 | D:8      | Found a burning altar of Makhleb.
  8691 | D:8      | Found a runed translucent door.
  8696 | D:8      | Noticed Valamore's ghost (novice MeFi)
  8731 | D:8      | Reached **** piety under Ashenzari
  8929 | D:8      | Found a shimmering altar of Xom.
  9151 | D:9      | Noticed Maurice
  9159 | D:9      | Killed Maurice
  9168 | D:9      | Reached XP level 10. HP: 71/76 MP: 20/20
  9263 | D:9      | Noticed Pikel
  9278 | D:9      | Killed Pikel
  9279 | D:9      | Reached skill level 5 in Spellcasting
  9448 | D:9      | Noticed Amaemon
  9448 | D:9      | Noticed an orange demon
  9458 | D:9      | Killed Amaemon
  9465 | D:9      | Killed an orange demon
  9649 | D:9      | Noticed Erolcha
  9650 | D:9      | Killed Erolcha
  9677 | D:9      | Reached skill level 10 in Transmutations
  9706 | D:9      | Identified the cursed +0 pair of gloves "Ruined Insecurity"
                  | {Bglg, Cun} (You found it on level 8 of the Dungeon)
  9706 | D:9      | Identified the cursed +0 pair of boots "Unveiling Fetters"
                  | {Elem, Fort} (You found it in a sewer)
 10002 | D:9      | Reached skill level 5 in Fighting
 10161 | D:10     | Entered Level 10 of the Dungeon
 10313 | D:10     | Reached ***** piety under Ashenzari
 10367 | D:10     | Paralysed by a hornet for 2 turns
 10502 | D:10     | Reached XP level 11. HP: 89/89 MP: 19/25
 10725 | D:10     | Found a broken altar of Ashenzari.
 10883 | D:11     | Noticed a wizard
 10893 | D:10     | Killed a wizard
 10894 | D:10     | Reached skill level 5 in Short Blades
 10894 | D:10     | Reached skill level 10 in Earth Magic
 10902 | D:11     | Reached skill level 1 in Necromancy
 11099 | D:11     | Found a staircase to the Lair.
 11316 | D:11     | Found a staircase to the Orcish Mines.
 11524 | D:11     | Noticed a two-headed ogre
 11546 | D:11     | Killed a two-headed ogre
 12294 | D:12     | Noticed a two-headed ogre
 12319 | D:12     | Killed a two-headed ogre
 12501 | D:12     | Noticed a death knight
 12501 | D:12     | Noticed a two-headed ogre
 12502 | D:12     | Noticed a deep elf pyromancer
 12543 | D:12     | Reached XP level 12. HP: 73/100 MP: 23/27
 12754 | D:7      | Bought an ichor-stained falchion for 168 gold pieces
 12754 | D:7      | Identified the +9 falchion of Gluttony {elec, rC+ Will-
                  | Dex+3 Stlth+} (You bought it in a shop on level 7 of the
                  | Dungeon)
 12899 | Orc:1    | Entered Level 1 of the Orcish Mines
 12992 | Lair:1   | Entered Level 1 of the Lair of Beasts
 13090 | Lair:1   | Reached skill level 10 in Stealth
 13458 | Lair:1   | Reached skill level 5 in Dodging
 13553 | Lair:1   | Noticed Harold
 13560 | Lair:1   | Killed Harold
 14213 | Lair:2   | Noticed Erica
 14220 | Lair:2   | Killed Erica
 14269 | Lair:2   | Reached skill level 1 in Long Blades
 14526 | Lair:2   | Noticed Nergalle
 14535 | Lair:2   | Killed Nergalle
 14583 | Lair:2   | Reached XP level 13. HP: 108/108 MP: 29/29
 14609 | Lair:2   | Found a staircase to the Snake Pit.
 14818 | Lair:2   | Noticed Sonja
 14825 | Lair:2   | Killed Sonja
 14946 | Lair:3   | Found a staircase to the Shoals.
 15248 | D:10     | Reached ****** piety under Ashenzari
 16061 | Lair:4   | Identified the Anthology of Allied Spellbinding
 16146 | Lair:4   | Learned a level 7 spell: Enfeeble
 16344 | Lair:4   | Reached skill level 1 in Hexes
 16749 | Lair:4   | Found a transporter.
 16751 | Lair:4   | Found a transporter.
 16826 | Lair:4   | Found a one-way gate to the infinite horrors of the Abyss.
 16826 | Lair:4   | Noticed Xutikh's ghost (journeyman SpCA)
 17118 | Lair:5   | Entered Level 5 of the Lair of Beasts
 17180 | Lair:5   | Found a frozen archway.
 17183 | Lair:5   | Reached skill level 5 in Hexes
 17200 | Lair:5   | Reached skill level 10 in Short Blades
 17215 | Lair:5   | HP: 5/111 [white imp/puff of frost (6)]
 17435 | Lair:5   | Reached XP level 14. HP: 118/118 MP: 31/31
 17496 | IceCv    | Entered an ice cave
 18064 | IceCv    | Reached skill level 1 in Shields
 18155 | IceCv    | Identified Qeafuwit's Incunable of Snow
 18159 | IceCv    | Identified the Volume of Vitiation
 18765 | D:4      | Noticed Natasha
 18771 | D:4      | Killed Natasha
 18817 | D:2      | Bought the ring of Dilloj {Will+ Dex+6} for 631 gold pieces
 19419 | D:12     | Learned a level 5 spell: Lee's Rapid Deconstruction
 19422 | D:12     | Learned a level 2 spell: Sublimation of Blood
 19614 | D:12     | Identified a scroll of acquirement
 19645 | D:12     | Acquired 878 gold pieces
 19665 | D:12     | Noticed an orc warlord
 19696 | D:12     | Killed an orc warlord
 21557 | D:14     | Reached XP level 15. HP: 122/122 MP: 25/32
 21872 | D:14     | Found a gate to the Vaults.
 22228 | D:15     | Entered Level 15 of the Dungeon
 22803 | D:15     | Reached skill level 5 in Shields
 23227 | D:15     | Found a staircase to the Depths.
 23584 | Snake:1  | Entered Level 1 of the Snake Pit
 24194 | Snake:1  | Reached skill level 15 in Transmutations
 24250 | Snake:1  | Found a runed translucent gate.
 24250 | Snake:1  | Found a runed translucent gate.
 24250 | Snake:1  | Found a runed translucent gate.
 24251 | Snake:1  | Noticed Maeg's ghost (adept TrMo)
 24252 | Snake:1  | Noticed Kecoros's ghost (adept OpVM)
 24252 | Snake:1  | Noticed Cifurakhle's ghost (adept MiBe)
 24252 | Snake:1  | Noticed Sopaerr's ghost (journeyman MiBe)
 24253 | Snake:1  | Identified the ring "Nuazav" {AC+4 Int+4}
 24253 | Snake:1  | Identified the +5 ring mail of Wodde {*Corrode rF+++ Int-4
                  | Dex+2}
 24947 | Snake:1  | Reached XP level 16. HP: 109/129 MP: 34/34
 25149 | Shoals:1 | Entered Level 1 of the Shoals
 25165 | Shoals:1 | Found Getuc's Assorted Antiques.
 25173 | Shoals:1 | Bought a smoking helmet for 342 gold pieces
 25173 | Shoals:1 | Identified the +0 helmet "Gotichap" {Harm rC+++ Str+4
                  | Dex-5} (You bought it in a shop on level 1 of the Shoals)
 25268 | Shoals:1 | Learned a level 5 spell: Borgnjor's Vile Clutch
 25880 | Shoals:1 | Reached skill level 5 in Necromancy
 27569 | Shoals:3 | Found a runed translucent gate.
 27569 | Shoals:3 | Found a runed translucent gate.
 27570 | Shoals:3 | Found a runed translucent gate.
 28249 | Shoals:3 | Noticed Icul's ghost (journeyman DsFi)
 28250 | Shoals:3 | Noticed Cihivoiw's ghost (adept TeCj)
 28284 | Shoals:4 | Entered Level 4 of the Shoals
 28308 | Shoals:4 | Learned a level 6 spell: Death Channel
 28792 | Shoals:4 | Noticed a kraken
 28853 | Shoals:4 | Reached XP level 17. HP: 130/139 MP: 31/35
 28980 | Shoals:4 | Killed a kraken
 29055 | Shoals:4 | Reached skill level 15 in Earth Magic
 29247 | Shoals:4 | Got a barnacled rune of Zot
 29664 | Shoals:4 | Reached skill level 10 in Shields
 30356 | Orc:2    | Entered Level 2 of the Orcish Mines
 31156 | Orc:2    | Found Nociep's Armour Emporium.
 31156 | Orc:2    | Found Teanatwu's Antique Armour Shoppe.
 31156 | Orc:2    | Found Rec Kuke's Antique Armour Emporium.
 31166 | Orc:2    | Found Reobajyb's Jewellery Shoppe.
 31258 | Orc:2    | Reached skill level 10 in Necromancy
 31393 | Orc:2    | Found a staircase to the Elven Halls.
 31741 | Depths:1 | Entered Level 1 of the Depths
 31741 | Depths:1 | Found a one-way gateway to a ziggurat.
 31744 | Depths:1 | Found a transporter.
 31815 | D:15     | Paralysed by a vampire knight for 4 turns
 31936 | Depths:1 | Reached skill level 5 in Long Blades
 31999 | Depths:1 | Noticed a juggernaut
 32006 | Depths:1 | Noticed Wetizan's ghost (journeyman MiBe)
 32012 | Depths:1 | Found a transporter.
 32013 | Depths:1 | Identified the +1 pair of boots of Viriul {rElec}
 32139 | Depths:1 | Noticed Halef's ghost (adept SpAK)
 32159 | Depths:1 | Identified the amulet of the Greedy {Reflect rN++ SH+5}
 32176 | Depths:1 | Identified the +4 rapier "Culuah" {pain, *Noise rElec
                  | Will+++ Int+4}
 32437 | Vaults:1 | Entered Level 1 of the Vaults
 32613 | Vaults:1 | Reached skill level 15 in Stealth
 33105 | Vaults:1 | Learned a level 5 spell: Yara's Violent Unravelling
 33334 | Vaults:1 | Annihilated by a dire elephant

Illustrated notes

Levels and vault maps discovered:
D:1:      dpeg_arrival_water_temple_mockup, layout_basic, minmay_ruptured
D:2:      layout_basic, serial_corexii_hall, corexii_hall_statues_l,
          chequers_hall_statues_corner_a, serial_shops,
          nicolae_shop_behind_doors, hellmonk_ecumenical_altar_lost_god
D:3:      layout_loops_ring, nicolae_overflow_crystal_walls,
          gup_sewer_entry_pipe, serial_shops, nicolae_shop_window_shopping,
          chequers_serial_rivers_room_b
D:4:      kennysheep_big_flooded_room, layout_loops_corners, uniq_grinder,
          uniq_natasha
D:5:      layout_basic, fedhas_altar_1, led_sif_pool, serial_shops,
          nicolae_shop_crystal, minmay_misc_feat_more_columns, st_stairs_4,
          minmay_misc_feat_hallway, uniq_eustachio
D:6:      layout_rooms, minmay_temple_entry_mini_moons,
          nicolae_ossuary_entry_ruins, kennysheep_generic_room_3, uniq_menkaure
D:7:      cheibrodos_shockbox, layout_layer_cave, lemuel_coloured_pillars_altar,
          gammafunk_temple_overflow_statue, serial_shops, shop_fountains,
          nicolae_shop_advertising_works [nicolae_subvault_shop_adworks],
          nicolae_shop_behind_doors
D:8:      layout_loops_corners, nicolae_overflow_hidden_temple,
          makhleb_grotto_becter, ebering_ghost_reflecting_pool
D:9:      layout_loops_ring, nicolae_tso_swordbearing_angel, uniq_amaemon,
          uniq_maurice, uniq_pikel, uniq_erolcha
D:10:     layout_cave_pools, old_standard_altar, solitary_fountain
D:11:     layout_roguey, lair_entry_dummy, david_orc_1_choice
D:12:     minmay_the_grid_3x3 [minmay_the_grid_mess, minmay_the_grid_rooms,
          minmay_the_grid_square_x, minmay_the_grid_minigrid_large,
          minmay_the_grid_tiny_cups, minmay_the_grid_dragon_b,
          minmay_the_grid_armoury, minmay_the_grid_small_cups,
          minmay_the_grid_prize_inner_circle], layout_stronghold,
          evilmike_butchery
D:13:     layout_irregular_city
D:14:     layout_cave_pools, hangedman_vaults_entry_quadrant_bands,
          chequers_serial_rivers_large_b, minmay_misc_feat_rugged
D:15:     grunt_enter_depths_hoard, layout_basic, corexii_leaking_fountain,
          minmay_guarded_unrand_curses
Lair:1:   dreamdust_cave_troll, layout_regular_city,
          nicolae_quartered_pool_little, dpeg_stationary_puzzle,
          grunt_megastairs_1, lemuel_fruit_tree, uniq_harold
Lair:2:   layout_cave_shapes, guppyfry_snake_entry_garden,
          dreamdust_gnoll_shepherd, uniq_erica, uniq_sonja, uniq_nergalle
Lair:3:   layout_regular_city, elwin_shoals_entry_rocks, serial_bayou_ford_a,
          infiniplex_staircase_pool_2
Lair:4:   layout_long_grid, gammafunk_ghost_abyssal_escape
Lair:5:   evilmike_catoblepas_cave, layout_regular_city,
          nicolae_slime_entry_slimehenge, portal_ice_cave_entry_imps,
          serial_bayou_shore_b, grunt_megastairs_3, serial_bayou_shore_b
Shoals:1: layout_shoals, serial_shops, shop
Shoals:2: layout_shoals, nicolae_shoals_hunting_party
Shoals:3: layout_shoals, gammafunk_ghost_cemetery
Shoals:4: shoals_end_hangedman, layout_shoals
Snake:1:  layout_onion, gammafunk_ghost_cemetery,
          nicolae_snake_herptile_family_reunion
Orc:1:    layout_diamond_mine
Orc:2:    st_orc_mages, layout_caves
Vaults:1: vaults_room_boxed, hangedman_vaults_hard_town_square,
          ontoclasm_vaults_claustrophobia, nicolae_vaults_inception_scallops,
          v_misc_33, vaults_room_ringed_pool, v_misc_12, v_misc_11,
          hangedman_vaults_maws, serial_ice_h, vaults_mumra_hex,
          layout_vaults_omnicross
Depths:1: layout_twisted_cross, enter_ziggurat_a, nzn_ghost_randoct,
          minmay_misc_feat_chi, grunt_pan_entry_spiral, hell_entry, ice2_lemuel,
          serial_bayou_shore_a

Skill      XL: |  1  2  3  4  5  6  7  8  9 10 11 12 13 14 15 16 17 |
---------------+----------------------------------------------------+-----
Short Blades   | 1 2 3 4 6 8 10 11 | 11.6
Stealth        | 4 6 7 9 12 14 15 | 15.6
Transmutations | 2 3 4 5 7 9 10 11 12 13 15 | 15.2
Fighting       | 1 3 4 5 6 7 9 |  9.9
Earth Magic    | 4 6 7 8 9 10 11 12 14 15 | 15.2
Spellcasting   | 3 4 5 6 7 8 9 |  9.0
Dodging        | 4 6 7 8 |  8.8
Necromancy     | 3 8 10 | 10.4
Long Blades    | 1 3 5 |  5.7
Hexes          | 5 6 8 |  8.2
Shields        | 3 6 9 11 | 11.1

Action                   |  1- 3 |  4- 6 |  7- 9 | 10-12 | 13-15 | 16-18 || total
-------------------------+-------+-------+-------+-------+-------+-------++-------
Melee: Unarmed           |     3 |       |       |       |       |       ||     3
       Short sword       |    16 |       |       |       |       |       ||    16
       Dagger            |    13 |   102 |    43 |       |       |       ||   158
       Bite              |     1 |     9 |     5 |    65 |   230 |   176 ||   486
       Rapier            |       |       |    21 |   454 |  1306 |   981 ||  2762
 Cast: Sandblast         |    49 |    74 |   149 |    50 |     5 |       ||   327
       Petrify           |       |       |     8 |     8 |    11 |    30 ||    57
       Passwall          |       |       |     1 |     3 |    14 |     3 ||    21
       Statue Form       |       |       |       |    21 |    46 |    37 ||   104
       Lee's Rapid Decon |       |       |       |       |     3 |     6 ||     9
       Borgnjor's Vile C |       |       |       |       |       |    38 ||    38
       Death Channel     |       |       |       |       |       |     3 ||     3
Invok: Curse Item        |     1 |     2 |     5 |     3 |     3 |       ||    14
       Shatter the Chain |       |       |     2 |       |     2 |       ||     4
  Use: Scroll            |     3 |     5 |       |     1 |    12 |    12 ||    33
       Potion            |       |       |       |       |     2 |     4 ||     6
 Stab: Sleeping          |     6 |    11 |    21 |    30 |    62 |    39 ||   169
       Petrifying        |       |       |     5 |     5 |     2 |     6 ||    18
       Petrified         |       |       |     4 |     6 |    13 |    12 ||    35
       Distracted        |       |       |       |     3 |     5 |     5 ||    13
       Invisible         |       |       |       |       |     3 |       ||     3
Armor: Robe              |    19 |    43 |     6 |       |       |       ||    68
       Leather armour    |       |       |    44 |    38 |    24 |    25 ||   131
       Skin              |       |       |       |   335 |   670 |   337 ||  1342
Dodge: Dodged            |    45 |    99 |   130 |   758 |  1253 |   813 ||  3098
Block: Tower shield      |       |       |       |       |  1402 |  1871 ||  3273

Table legend: (Time is in decaauts)
 A = Elapsed time spent in this place.
 B = Non-inter-level travel time spent in this place.
 C = Inter-level travel time spent in this place.
 D = Time resting spent in this place.
 E = Time spent auto-exploring this place.
 F = Levels seen in this place.
 G = Mean time per level.
                   A        B        C        D        E       F      G
               +--------+--------+--------+--------+--------+-----+--------+
         Total |  36323 |  34081 |   2242 |   4628 |  20398 |  32 | 1135.1 |
       Dungeon |  18312 |  16784 |   1528 |   1962 |  11033 |  15 | 1220.8 |
          Lair |   5201 |   4838 |    363 |    496 |   3037 |   5 | 1040.2 |
        Shoals |   5578 |   5412 |    166 |    519 |   3182 |   4 | 1394.5 |
     Snake Pit |   1582 |   1518 |     64 |    347 |    711 |   1 | 1582.0 |
  Orcish Mines |   1759 |   1641 |    118 |    139 |   1045 |   2 |  879.5 |
        Vaults |    990 |    990 |      0 |    407 |    349 |   1 |  990.0 |
        Depths |    320 |    320 |      0 |     65 |     71 |   1 |  320.0 |
         Sewer |    755 |    755 |      0 |    204 |    250 |   1 |  755.0 |
       Ossuary |    572 |    572 |      0 |    144 |    229 |   1 |  572.0 |
      Ice Cave |   1250 |   1250 |      0 |    343 |    487 |   1 | 1250.0 |
               +--------+--------+--------+--------+--------+-----+--------+

Top non-repeatable levels by time:
    D:12: 1986 daAuts
Shoals:4: 1874 daAuts
    D:15: 1859 daAuts
    D:14: 1663 daAuts
 Snake:1: 1582 daAuts
     D:7: 1560 daAuts
    D:11: 1557 daAuts
  Lair:4: 1517 daAuts
Shoals:1: 1401 daAuts
   Orc:2: 1322 daAuts
  Lair:2: 1292 daAuts
     D:8: 1271 daAuts
   IceCv: 1250 daAuts
     D:4: 1245 daAuts
Shoals:3: 1216 daAuts
